Flames vs Canucks

Created - 20 février 2017 at 19:14

Goals
1 2 3 OT1 SO T
Flames 0 1 2 0 0 3
Canucks 1 1 1 0 1 4
Shots
1 2 3 OT1 SO T
Flames 11 10 8 0 6 29
Canucks 8 7 16 1 6 32

1st period

1. Canucks , Matt Stajan 17 (Milan Michalek) at 17:42

Penalties :
David Backes (Cal) for High sticking (Minor) at 12:32

2nd period

2. Canucks , Alex Tanguay 12 (Alex Goligoski, Ryan Parent) at 7:18 (SH)
3. Flames , Eric Staal 22 (David Backes) at 14:54

Penalties :
Robert Bortuzzo (Van) for Roughing (Minor) at 2:04, Maxim Afinogenov (Van) for Slashing (Minor) at 5:55, Steve Eminger (Cal) for High sticking (Minor) at 15:16

3rd period

4. Flames , Eric Staal 23 (Alexander Semin, Ron Hainsey) at 2:55
5. Flames , David Backes 21 (Alexander Semin, Eric Staal) at 9:20
6. Canucks , Jiri Hudler 7 (Alex Tanguay, Tom Poti) at 18:53 (PP)

Penalties :
Matt Stajan (Van) for Holding (Minor) at 11:30, Steve Regier (Cal) for Roughing (Double Minor) at 16:33

Overtime #1

No Goal

Penalties :
No Penalty

Shootout

Penalty Shot by Eric Staal for Flames - Stopped by Brent Krahn
Penalty Shot by Maxim Afinogenov for Canucks - Stopped by Pekka Rinne
Penalty Shot by Alexander Semin for Flames - Shot Misses the Net
Penalty Shot by Matt Stajan for Canucks - Stopped by Pekka Rinne
Penalty Shot by Patrik Berglund for Flames - Stopped by Brent Krahn
Penalty Shot by Martin St. Louis for Canucks - Stopped by Pekka Rinne
Penalty Shot by David Backes for Flames - Stopped by Brent Krahn
Penalty Shot by Mike Ribeiro for Canucks - Stopped by Pekka Rinne
Penalty Shot by Colin Wilson for Flames - Stopped by Brent Krahn
Penalty Shot by Milan Michalek for Canucks - Stopped by Pekka Rinne
Penalty Shot by Steve Regier for Flames - Stopped by Brent Krahn
Penalty Shot by Clarke MacArthur for Canucks - Goal!

Penalties :
No Penalty

Goalie Stats

Pekka Rinne (Cal), 29 saves from 32 shots - (0,906), OTL, 20-15-4, 65:00 minutes
Brent Krahn (Van), 26 saves from 29 shots - (0,897), W, 3-3-1, 64:54 minutes

Players Stats for Flames

Player Name              G  A  P  +/- PIM S  H  SB GA TA FO     MP     PP MP  PK MP  
------------------------------------------------------------------------------------
Alexander Semin          0  2  2   3  0   1  3  0  0  1  0/0    25:03   3:11   2:39 
Brad Marchand            0  0  0   0  0   2  2  0  0  1  0/0    10:17   0:00   1:32 
Brendan Mikkelson        0  0  0   1  0   1  0  0  0  0  0/0    11:03   0:00   0:02 
Colin Wilson             0  0  0   0  0   1  0  1  0  0  3/3     6:37   0:00   0:00 
David Backes             1  1  2   3  2   6  1  0  1  2  2/2    20:15   3:11   0:00 
Eric Staal               2  1  3   3  0   4  3  0  1  0  14/29  24:02   3:11   1:57 
Erik Johnson             0  0  0   0  0   5  2  1  2  0  0/0    26:39   3:33   0:54 
Jordin Tootoo            0  0  0  -1  0   0  5  0  0  0  0/0    17:49   0:00   3:13 
Marcel Goc               0  0  0   0  0   0  3  0  1  0  12/18  14:37   0:00   3:13 
Mark Bell                0  0  0  -1  0   1  1  1  0  0  1/1    13:13   0:00   0:02 
Michel Ouellet           0  0  0  -1  0   1  1  0  0  0  0/0    13:43   2:46   0:00 
Noah Welch               0  0  0   0  0   0  0  0  0  0  0/1     9:06   2:24   0:00 
Patrik Berglund          0  0  0  -2  0   0  2  0  0  2  7/19   16:15   2:46   0:00 
Robyn Regehr             0  0  0   0  0   0  2  1  0  2  0/0    24:56   2:24   2:21 
Ron Hainsey              0  1  1   1  0   0  1  1  0  0  0/0    14:19   0:00   3:57 
Steve Eminger            0  0  0   1  2   3  0  2  3  3  0/0    28:08   0:00   2:31 
Steve Regier             0  0  0  -1  4   3  1  0  0  0  0/2    14:44   2:46   0:00 
Tomas Kaberle            0  0  0  -1  0   1  1  2  2  0  0/0    22:53   3:33   2:51 

Players Stats for Canucks

Player Name              G  A  P  +/- PIM S  H  SB GA TA FO     MP     PP MP  PK MP  
------------------------------------------------------------------------------------
Alex Goligoski           0  1  1   0  0   4  2  3  1  3  0/0    31:01   2:51   3:49 
Alex Tanguay             1  1  2   1  0   2  0  0  0  1  0/0    13:34   0:17   1:27 
Ben Lovejoy              0  0  0   0  0   3  4  0  2  1  0/0    30:54   2:51   3:45 
Clarke MacArthur         0  0  0  -3  0   2  1  0  2  0  3/3    17:56   2:42   0:35 
Jiri Hudler              1  0  1   0  0   1  1  0  0  1  0/1    11:48   0:17   0:00 
Josh Beaulieu            0  0  0   0  0   0  0  0  0  0  0/0     6:36   0:00   0:00 
Marek Zagrapan           0  0  0   1  0   0  1  0  1  0  3/5     8:03   0:00   1:27 
Martin St. Louis         0  0  0  -3  0   5  2  1  2  0  1/1    19:33   2:42   0:25 
Matt Stajan              1  0  1   1  2   2  2  1  0  0  9/28   24:10   3:19   2:56 
Maxim Afinogenov         0  0  0   1  2   3  5  2  0  0  6/9    24:03   3:19   2:16 
Maxim Lapierre           0  0  0   0  0   1  2  0  0  0  4/10   12:48   0:00   2:23 
Mike Ribeiro             0  0  0  -3  0   4  1  0  1  0  8/14   19:33   2:42   0:25 
Milan Michalek           0  1  1   1  0   3  2  0  0  2  2/4    19:03   3:19   0:00 
Patrick Eaves            0  0  0   0  0   0  0  0  0  1  0/0     6:53   0:17   0:00 
Robert Bortuzzo          0  0  0  -1  2   0  0  0  0  0  0/0    11:05   0:00   0:04 
Ryan Parent              0  1  1   0  0   0  4  2  1  1  0/0    23:01   3:27   2:08 
Sami Lepisto             0  0  0  -1  0   1  0  0  0  0  0/0    10:58   0:00   0:00 
Tom Poti                 0  1  1   0  0   1  1  1  1  0  0/0    23:01   3:27   2:08 

3 Stars

1 - Eric Staal (Cal)
2 - Alexander Semin (Cal)
3 - David Backes (Cal)

Power Play

Flames - 0 on 3 Attempt(s) - 0,00%
Canucks - 1 on 4 Attempt(s) - 25,00%

Penalty Kill

Flames - 3 on 4 Attempt(s) - 75,00% - Score 0 goal in Penalty Kill
Canucks - 3 on 3 Attempt(s) - 100,00% - Score 1 goal in Penalty Kill

Team Stat

Flames - Hits : 28 - Faceoff Wins : 39 - Blocked Shots : 9 - Penalty Minutes : 8
Canucks - Hits : 28 - Faceoff Wins : 36 - Blocked Shots : 10 - Penalty Minutes : 6

Official

Referees : Walsh Ian and Sutherland Kelly
Linesman : Scott Cherrey and Ryan Galloway

Game Notes

No Game Note

Finance

Level 1 -- Attendance: 5678 (94,63%) -- Ticket Income 488 308 $
Level 2 -- Attendance: 4531 (90,62%) -- Ticket Income 222 019 $
Level 3 -- Attendance: 1776 (88,80%) -- Ticket Income 53 280 $
Level 4 -- Attendance: 4000 (100,00%) -- Ticket Income 68 000 $
Luxury Box -- Attendance: 1000 (100,00%) -- Ticket Income 100 000 $
Game was played at the Budweiser Coliseum.
Total Attendance: 16985 (94,36%)
Total Ticket Income: 931 607 $
Other Income: 139 741 $
Total Income: 1 071 348 $

Flames

5 vs 5 Forward 
   Center                   Left Wing                Right Wing               Time % Phy DF OF 
 1 Eric Staal               Alexander Semin          David Backes             39     1   2  2  
 2 Patrik Berglund          Mark Bell                Jordin Tootoo            30     1   2  2  
 3 Marcel Goc               Steve Regier             Michel Ouellet           21     1   2  2  
 4 Colin Wilson             Brad Marchand            Noah Welch               10     1   2  2  

5 vs 5 Defense 
   Defense                  Defense                                           Time % Phy DF OF 
 1 Erik Johnson             Steve Eminger                                     40     1   2  2  
 2 Robyn Regehr             Tomas Kaberle                                     30     1   2  2  
 3 Ron Hainsey              Brendan Mikkelson                                 20     1   2  2  
 4 Robyn Regehr             Steve Eminger                                     10     1   2  2  

PowerPlay Forward 
   Center                   Left Wing                Right Wing               Time % Phy DF OF 
 1 Eric Staal               Alexander Semin          David Backes             60     1   1  3  
 2 Patrik Berglund          Steve Regier             Michel Ouellet           40     1   1  3  

PowerPlay Defense
   Defense                  Defense                                           Time % Phy DF OF 
 1 Erik Johnson             Tomas Kaberle                                     60     1   1  3  
 2 Robyn Regehr             Noah Welch                                        40     1   1  3  

Penalty Kill 4 Players Forward 
   Center                   Wing                     Time % Phy DF OF 
 1 Marcel Goc               Jordin Tootoo            60     1   3  1  
 2 Eric Staal               Alexander Semin          40     1   3  1  

Penalty Kill 4 Players Defense
   Defense                  Defense                  Time % Phy DF OF 
 1 Ron Hainsey              Steve Eminger            60     1   4  0  
 2 Robyn Regehr             Tomas Kaberle            40     1   4  0  

Penalty Kill - 3 Players Forward 
   Forward                                           Time % Phy DF OF 
 1 Eric Staal                                        60     1   4  0  
 2 Alexander Semin                                   40     1   4  0  

Penalty Kill - 3 Players Defense
   Defense                  Defense                  Time % Phy DF OF 
 1 Ron Hainsey              Steve Eminger            60     1   4  0  
 2 Robyn Regehr             Tomas Kaberle            40     1   4  0  

4 vs 4 Forward 
   Center                   Wing                     Time % Phy DF OF 
 1 Eric Staal               Alexander Semin          60     1   2  2  
 2 Patrik Berglund          Jordin Tootoo            40     1   2  2  

4 vs 4 Defense
   Defense                  Defense                  Time % Phy DF OF 
 1 Erik Johnson             Steve Eminger            60     1   2  2  
 2 Robyn Regehr             Tomas Kaberle            40     1   2  2  

Last Minutes Offensive
   Center                   Left Wing                Right Wing               Defense                  Defense                  
   Eric Staal               Alexander Semin          David Backes             Erik Johnson             Steve Eminger            

Last Minutes Defensive
   Center                   Left Wing                Right Wing               Defense                  Defense                  
   Eric Staal               Alexander Semin          David Backes             Erik Johnson             Steve Eminger            

Goaltenders
Starting : Pekka Rinne              
Backup : Craig Anderson           

Extra Forwards
Normal : Alexander Semin, Jordin Tootoo, Steve Regier - PP : Jordin Tootoo, Steve Regier - PK : Brad Marchand
Extra Defensemen
Normal : Erik Johnson, Tomas Kaberle, Ron Hainsey - PP : Noah Welch - PK : Erik Johnson, Tomas Kaberle
Penalty Shots
Eric Staal, Alexander Semin, Patrik Berglund, David Backes, Colin Wilson

Canucks

5 vs 5 Forward 
   Center                   Left Wing                Right Wing               Time % Phy DF OF 
 1 Matt Stajan              Milan Michalek           Maxim Afinogenov         40     1   2  2  
 2 Mike Ribeiro             Clarke MacArthur         Martin St. Louis         30     1   2  2  
 3 Maxim Lapierre           Alex Tanguay             Jiri Hudler              20     1   2  2  
 4 Marek Zagrapan           Josh Beaulieu            Patrick Eaves            10     1   2  2  

5 vs 5 Defense 
   Defense                  Defense                                           Time % Phy DF OF 
 1 Alex Goligoski           Ben Lovejoy                                       40     1   2  2  
 2 Tom Poti                 Ryan Parent                                       30     1   2  2  
 3 Sami Lepisto             Robert Bortuzzo                                   20     1   2  2  
 4 Alex Goligoski           Ben Lovejoy                                       10     1   2  2  

PowerPlay Forward 
   Center                   Left Wing                Right Wing               Time % Phy DF OF 
 1 Matt Stajan              Milan Michalek           Maxim Afinogenov         60     1   2  2  
 2 Mike Ribeiro             Clarke MacArthur         Martin St. Louis         40     1   2  2  

PowerPlay Defense
   Defense                  Defense                                           Time % Phy DF OF 
 1 Alex Goligoski           Ben Lovejoy                                       60     1   2  2  
 2 Tom Poti                 Ryan Parent                                       40     1   2  2  

Penalty Kill 4 Players Forward 
   Center                   Wing                     Time % Phy DF OF 
 1 Maxim Afinogenov         Matt Stajan              60     1   2  2  
 2 Martin St. Louis         Mike Ribeiro             40     1   2  2  

Penalty Kill 4 Players Defense
   Defense                  Defense                  Time % Phy DF OF 
 1 Alex Goligoski           Ben Lovejoy              60     1   2  2  
 2 Tom Poti                 Ryan Parent              40     1   2  2  

Penalty Kill - 3 Players Forward 
   Forward                                           Time % Phy DF OF 
 1 Maxim Afinogenov                                  60     1   2  2  
 2 Matt Stajan                                       40     1   2  2  

Penalty Kill - 3 Players Defense
   Defense                  Defense                  Time % Phy DF OF 
 1 Alex Goligoski           Ben Lovejoy              60     1   2  2  
 2 Tom Poti                 Ryan Parent              40     1   2  2  

4 vs 4 Forward 
   Center                   Wing                     Time % Phy DF OF 
 1 Maxim Afinogenov         Matt Stajan              60     1   2  2  
 2 Martin St. Louis         Mike Ribeiro             40     1   2  2  

4 vs 4 Defense
   Defense                  Defense                  Time % Phy DF OF 
 1 Alex Goligoski           Ben Lovejoy              60     1   2  2  
 2 Tom Poti                 Ryan Parent              40     1   2  2  

Last Minutes Offensive
   Center                   Left Wing                Right Wing               Defense                  Defense                  
   Matt Stajan              Milan Michalek           Maxim Afinogenov         Alex Goligoski           Ben Lovejoy              

Last Minutes Defensive
   Center                   Left Wing                Right Wing               Defense                  Defense                  
   Matt Stajan              Milan Michalek           Maxim Afinogenov         Alex Goligoski           Ben Lovejoy              

Goaltenders
Starting : Brent Krahn              
Backup : Carey Price              

Extra Forwards
Normal : Jiri Hudler, Alex Tanguay, Maxim Lapierre - PP : Jiri Hudler, Alex Tanguay - PK : Maxim Lapierre
Extra Defensemen
Normal : Sami Lepisto, Robert Bortuzzo, Tom Poti - PP : Sami Lepisto - PK : Robert Bortuzzo, Tom Poti
Penalty Shots
Maxim Afinogenov, Matt Stajan, Martin St. Louis, Mike Ribeiro, Milan Michalek

% Time on Ice - Flames

Lines # - Real PCT - Wanted PCT - Time Play
Normal Forward
1 - 37% - 39% - 17:44
2 - 27% - 30% - 12:57
3 - 22% - 21% - 10:27
4 - 14% - 10% - 6:37
Normal Defense
1 - 42% - 40% - 19:49
2 - 31% - 30% - 14:50
3 - 20% - 20% - 9:46
4 - 7% - 10% - 3:20
PP Forward
1 - 54% - 60% - 3:11
2 - 46% - 40% - 2:46
PP Defense
1 - 60% - 60% - 3:33
2 - 40% - 40% - 2:24
PK Forward
1 - 81% - 60% - 5:07
2 - 19% - 40% - 1:11
PK Defense
1 - 63% - 60% - 3:57
2 - 37% - 40% - 2:21
PK3 Forward
1 - 0% - 60%
2 - 0% - 40%
PK3 Defense
1 - 0% - 60%
2 - 0% - 40%
44 Forward
1 - 81% - 60% - 4:03
2 - 19% - 40% - 0:57
44 Defense
1 - 60% - 60% - 2:59
2 - 40% - 40% - 2:01
Last Minute Offensive  - 0:00
Last Minute Defensive  - 0:00
Total
Forward - 65:00
Defense - 65:00

% Time on Ice - Canucks

Lines # - Real PCT - Wanted PCT - Time Play
Normal Forward
1 - 33% - 40% - 15:47
2 - 32% - 30% - 15:13
3 - 21% - 20% - 10:09
4 - 14% - 10% - 6:36
Normal Defense
1 - 42% - 40% - 19:51
2 - 31% - 30% - 14:59
3 - 23% - 20% - 10:58
4 - 4% - 10% - 1:57
PP Forward
1 - 53% - 60% - 3:19
2 - 47% - 40% - 2:59
PP Defense
1 - 45% - 60% - 2:51
2 - 55% - 40% - 3:27
PK Forward
1 - 93% - 60% - 5:32
2 - 7% - 40% - 0:25
PK Defense
1 - 64% - 60% - 3:49
2 - 36% - 40% - 2:08
PK3 Forward
1 - 0% - 60%
2 - 0% - 40%
PK3 Defense
1 - 0% - 60%
2 - 0% - 40%
44 Forward
1 - 76% - 60% - 3:47
2 - 24% - 40% - 1:13
44 Defense
1 - 51% - 60% - 2:33
2 - 49% - 40% - 2:27
Last Minute Offensive  - 0:00
Last Minute Defensive  - 0:00
Total
Forward - 65:00
Defense - 65:00

Play by Play

1st period


0:01 of 1st period - Eric Staal wins face-off versus Matt Stajan in neutral zone.
0:39 of 1st period - Wrist shot by Clarke MacArthur.
0:39 of 1st period - Shot Misses the Net.
1:12 of 1st period - Wrist shot by Colin Wilson.
1:12 of 1st period - Shot Blocked by Tom Poti.
1:36 of 1st period - Tom Poti is hit by Alexander Semin and loses puck.
1:57 of 1st period - Snap shot by Mike Ribeiro.
1:57 of 1st period - Shot Misses the Net.
1:59 of 1st period - Snap shot by Robert Bortuzzo.
1:59 of 1st period - Shot Misses the Net.
2:01 of 1st period - Slapshot by Sami Lepisto.
2:01 of 1st period - Shot Misses the Net.
2:03 of 1st period - Snap shot by Mike Ribeiro.
2:03 of 1st period - Deflect By Martin St. Louis.
2:03 of 1st period - Stopped by Pekka Rinne without a rebound.
2:04 of 1st period - Eric Staal wins face-off versus Matt Stajan in Flames zone.
2:34 of 1st period - Ben Lovejoy is hit by Jordin Tootoo.
2:37 of 1st period - Off-side.
2:38 of 1st period - Mike Ribeiro wins face-off versus Patrik Berglund in neutral zone.
2:45 of 1st period - Snap shot by Martin St. Louis.
2:45 of 1st period - Shot Misses the Net.
2:47 of 1st period - Slapshot by Clarke MacArthur.
2:47 of 1st period - Shot Hit the Post.
2:53 of 1st period - Snap shot by Clarke MacArthur.
2:53 of 1st period - Shot Misses the Net.
3:03 of 1st period - Matt Stajan is hit by Alexander Semin and loses puck.
3:21 of 1st period - Icing by Alex Tanguay.
3:22 of 1st period - Marcel Goc wins face-off versus Marek Zagrapan in Canucks zone.
3:23 of 1st period - Snap shot by Steve Regier.
3:23 of 1st period - Stopped by Brent Krahn without a rebound.
3:24 of 1st period - Marek Zagrapan wins face-off versus Marcel Goc in Canucks zone.
3:57 of 1st period - Snap shot by David Backes.
3:57 of 1st period - Shot Blocked by Alex Goligoski.
3:59 of 1st period - Snap shot by Eric Staal.
3:59 of 1st period - Deflect By David Backes.
3:59 of 1st period - Shot Misses the Net.
3:59 of 1st period - Puck is out of play.
4:00 of 1st period - Mike Ribeiro wins face-off versus Patrik Berglund in Canucks zone.
4:27 of 1st period - Matt Stajan is hit by Brad Marchand and loses puck.
4:36 of 1st period - Snap shot by Colin Wilson.
4:36 of 1st period - Shot Blocked by Maxim Afinogenov.
5:09 of 1st period - Off-side.
5:10 of 1st period - Clarke MacArthur wins face-off versus Marcel Goc in neutral zone.
5:13 of 1st period - Snap shot by Martin St. Louis.
5:13 of 1st period - Deflect By Mike Ribeiro.
5:13 of 1st period - Shot Misses the Net.
5:13 of 1st period - Puck is out of play.
5:14 of 1st period - Mike Ribeiro wins face-off versus Marcel Goc in Flames zone.
5:33 of 1st period - Wrist shot by Michel Ouellet.
5:33 of 1st period - Stopped by Brent Krahn with a rebound.
5:35 of 1st period - Snap shot by Michel Ouellet.
5:35 of 1st period - Shot Blocked by Ryan Parent.
5:37 of 1st period - Wrist shot by Steve Regier.
5:37 of 1st period - Stopped by Brent Krahn with a rebound.
5:39 of 1st period - Slapshot by Steve Eminger.
5:39 of 1st period - Shot Blocked by Ryan Parent.
5:41 of 1st period - Slapshot by Steve Eminger.
5:41 of 1st period - Shot Misses the Net.
5:43 of 1st period - Slapshot by Steve Eminger.
5:43 of 1st period - Stopped by Brent Krahn without a rebound.
5:44 of 1st period - Patrik Berglund wins face-off versus Matt Stajan in Canucks zone.
6:09 of 1st period - Eric Staal is hit by Maxim Lapierre and loses puck.
6:17 of 1st period - Off-side.
6:18 of 1st period - Matt Stajan wins face-off versus Eric Staal in neutral zone.
6:20 of 1st period - Off-side.
6:21 of 1st period - David Backes wins face-off versus Matt Stajan in neutral zone.
6:26 of 1st period - Wrist shot by David Backes.
6:26 of 1st period - Stopped by Brent Krahn without a rebound.
6:27 of 1st period - Matt Stajan wins face-off versus Eric Staal in Canucks zone.
6:36 of 1st period - Wrist shot by Maxim Afinogenov.
6:36 of 1st period - Deflect By Matt Stajan.
6:36 of 1st period - Shot Blocked by Steve Eminger.
6:36 of 1st period - Puck is out of play.
6:37 of 1st period - Mark Bell wins face-off versus Matt Stajan in Flames zone.
6:44 of 1st period - Ben Lovejoy is hit by Jordin Tootoo.
7:49 of 1st period - Alexander Semin is hit by Maxim Lapierre and loses puck.
7:57 of 1st period - Off-side.
7:58 of 1st period - Patrik Berglund wins face-off versus Matt Stajan in neutral zone.
8:10 of 1st period - Wrist shot by Maxim Afinogenov.
8:10 of 1st period - Shot Misses the Net.
8:24 of 1st period - Mark Bell is hit by Jiri Hudler and loses puck.
9:24 of 1st period - Alex Goligoski is hit by Robyn Regehr and loses puck.
9:32 of 1st period - Icing by Ben Lovejoy.
9:33 of 1st period - Marek Zagrapan wins face-off versus Eric Staal in Canucks zone.
9:48 of 1st period - Alex Goligoski is hit by David Backes and loses puck.
10:03 of 1st period - Slapshot by Ben Lovejoy.
10:03 of 1st period - Stopped by Pekka Rinne without a rebound.
10:04 of 1st period - Patrik Berglund wins face-off versus Matt Stajan in Flames zone.
10:15 of 1st period - Snap shot by Jordin Tootoo.
10:15 of 1st period - Shot Misses the Net.
10:23 of 1st period - Jordin Tootoo is hit by Maxim Afinogenov and loses puck.
10:30 of 1st period - Wrist shot by Milan Michalek.
10:30 of 1st period - Stopped by Pekka Rinne without a rebound.
10:31 of 1st period - Eric Staal wins face-off versus Mike Ribeiro in Flames zone.
10:37 of 1st period - Icing by Mike Ribeiro.
10:38 of 1st period - Mike Ribeiro wins face-off versus Eric Staal in Canucks zone.
11:51 of 1st period - Wrist shot by Colin Wilson.
11:51 of 1st period - Stopped by Brent Krahn with a rebound.
12:09 of 1st period - Icing by Ben Lovejoy.
12:10 of 1st period - Eric Staal wins face-off versus Mike Ribeiro in Canucks zone.
12:25 of 1st period - Wrist shot by Martin St. Louis.
12:25 of 1st period - Stopped by Pekka Rinne with a rebound.
12:32 of 1st period - Minor Penalty to David Backes for High sticking.
12:33 of 1st period - Marcel Goc wins face-off versus Matt Stajan in Flames zone.
12:33 of 1st period - Marcel Goc is hit by Maxim Afinogenov.
13:02 of 1st period - Wrist shot by Clarke MacArthur.
13:02 of 1st period - Stopped by Pekka Rinne without a rebound.
13:03 of 1st period - Matt Stajan wins face-off versus Marcel Goc in Flames zone.
13:16 of 1st period - Jordin Tootoo is hit by Alex Goligoski and loses puck.
13:31 of 1st period - Tomas Kaberle is hit by Martin St. Louis and loses puck.
14:32 of 1st period - Penalty to David Backes is over, David Backes is back on ice.
14:44 of 1st period - Backhand shot by Jiri Hudler.
14:44 of 1st period - Shot Blocked by Tomas Kaberle.
15:00 of 1st period - Wrist shot by Brad Marchand.
15:00 of 1st period - Stopped by Brent Krahn without a rebound.
15:01 of 1st period - Colin Wilson wins face-off versus Marek Zagrapan in Canucks zone.
15:16 of 1st period - Slapshot by Marek Zagrapan.
15:16 of 1st period - Shot Misses the Net.
15:22 of 1st period - Wrist shot by Patrick Eaves.
15:22 of 1st period - Deflect By Marek Zagrapan.
15:22 of 1st period - Shot Blocked by Colin Wilson.
15:22 of 1st period - Puck is out of play.
15:23 of 1st period - Maxim Afinogenov wins face-off versus Patrik Berglund in Flames zone.
15:48 of 1st period - Milan Michalek is hit by Marcel Goc.
16:13 of 1st period - Snap shot by David Backes.
16:13 of 1st period - Stopped by Brent Krahn with a rebound.
16:19 of 1st period - Alexander Semin is hit by Clarke MacArthur and loses puck.
16:36 of 1st period - Snap shot by Eric Staal.
16:36 of 1st period - Stopped by Brent Krahn without a rebound.
16:37 of 1st period - Patrik Berglund wins face-off versus Maxim Lapierre in Canucks zone.
17:04 of 1st period - Slapshot by Sami Lepisto.
17:04 of 1st period - Shot Misses the Net.
17:28 of 1st period - Slapshot by Maxim Afinogenov.
17:28 of 1st period - Shot Misses the Net.
17:30 of 1st period - Backhand shot by Maxim Afinogenov.
17:30 of 1st period - Shot Misses the Net.
17:32 of 1st period - Slapshot by Sami Lepisto.
17:32 of 1st period - Stopped by Pekka Rinne without a rebound.
17:33 of 1st period - Matt Stajan wins face-off versus Patrik Berglund in Flames zone.
17:34 of 1st period - Snap shot by Maxim Afinogenov.
17:34 of 1st period - Stopped by Pekka Rinne without a rebound.
17:35 of 1st period - Milan Michalek wins face-off versus Patrik Berglund in Flames zone.
17:38 of 1st period - Snap shot by Milan Michalek.
17:38 of 1st period - Shot Misses the Net.
17:40 of 1st period - Snap shot by Milan Michalek.
17:40 of 1st period - Shot Blocked by Steve Eminger.
17:42 of 1st period - Wrist shot by Matt Stajan.
17:42 of 1st period - Goal by Matt Stajan - Flames : 0 - Canucks : 1.
17:43 of 1st period - Eric Staal wins face-off versus Matt Stajan in neutral zone.
17:46 of 1st period - Slapshot by Steve Eminger.
17:46 of 1st period - Stopped by Brent Krahn with a rebound.
17:54 of 1st period - Wrist shot by Maxim Afinogenov.
17:54 of 1st period - Deflect By Matt Stajan.
17:54 of 1st period - Shot Misses the Net.
17:54 of 1st period - Puck is out of play.
17:55 of 1st period - Patrik Berglund wins face-off versus Matt Stajan in Flames zone.
17:55 of 1st period - Patrik Berglund is hit by Milan Michalek.
18:41 of 1st period - Icing by Marcel Goc.
18:42 of 1st period - Marcel Goc wins face-off versus Maxim Lapierre in Flames zone.
18:47 of 1st period - Wrist shot by Michel Ouellet.
18:47 of 1st period - Shot Misses the Net.
19:30 of 1st period - Slapshot by Martin St. Louis.
19:30 of 1st period - Shot Misses the Net.
19:36 of 1st period - Snap shot by Jordin Tootoo.
19:36 of 1st period - Shot Blocked by Alex Goligoski.
19:38 of 1st period - Slapshot by Steve Eminger.
19:38 of 1st period - Stopped by Brent Krahn without a rebound.
19:39 of 1st period - Marcel Goc wins face-off versus Milan Michalek in Canucks zone.
Goals for this period are 0 for Flames vs 1 for Canucks.
Shots for this period are 11 for Flames vs 8 for Canucks.

2nd period


0:01 of 2nd period - Maxim Afinogenov wins face-off versus Eric Staal in neutral zone.
0:08 of 2nd period - Snap shot by Matt Stajan.
0:08 of 2nd period - Shot Misses the Net.
1:48 of 2nd period - Eric Staal is hit by Alex Goligoski and loses puck.
2:01 of 2nd period - Wrist shot by Mark Bell.
2:01 of 2nd period - Stopped by Brent Krahn without a rebound.
2:02 of 2nd period - Mike Ribeiro wins face-off versus Patrik Berglund in Canucks zone.
2:04 of 2nd period - Minor Penalty to Robert Bortuzzo for Roughing.
2:05 of 2nd period - Maxim Afinogenov wins face-off versus Eric Staal in Canucks zone.
2:36 of 2nd period - Slapshot by Erik Johnson.
2:36 of 2nd period - Deflect By Tom Poti.
2:36 of 2nd period - Stopped by Brent Krahn with a rebound.
2:44 of 2nd period - Wrist shot by Eric Staal.
2:44 of 2nd period - Shot Blocked by Maxim Afinogenov.
2:46 of 2nd period - Snap shot by Eric Staal.
2:46 of 2nd period - Shot Misses the Net.
2:48 of 2nd period - Snap shot by Eric Staal.
2:48 of 2nd period - Stopped by Brent Krahn without a rebound.
2:49 of 2nd period - Maxim Afinogenov wins face-off versus Steve Regier in Canucks zone.
3:21 of 2nd period - Alex Goligoski is hit by Steve Regier.
4:04 of 2nd period - Penalty to Robert Bortuzzo is over, Robert Bortuzzo is back on ice.
4:25 of 2nd period - Off-side.
4:26 of 2nd period - Colin Wilson wins face-off versus Mike Ribeiro in neutral zone.
4:39 of 2nd period - Colin Wilson is hit by Mike Ribeiro and loses puck.
4:50 of 2nd period - Noah Welch is hit by Tom Poti and loses puck.
5:03 of 2nd period - Alex Tanguay is hit by Brad Marchand and loses puck.
5:23 of 2nd period - David Backes is hit by Marek Zagrapan and loses puck.
5:40 of 2nd period - Snap shot by Patrik Berglund.
5:40 of 2nd period - Shot Misses the Net.
5:42 of 2nd period - Slapshot by Brendan Mikkelson.
5:42 of 2nd period - Stopped by Brent Krahn with a rebound.
5:44 of 2nd period - Wrist shot by Mark Bell.
5:44 of 2nd period - Deflect By Patrik Berglund.
5:44 of 2nd period - Shot Misses the Net.
5:44 of 2nd period - Puck is out of play.
5:45 of 2nd period - Marcel Goc wins face-off versus Matt Stajan in Canucks zone.
5:55 of 2nd period - Minor Penalty to Maxim Afinogenov for Slashing.
5:56 of 2nd period - David Backes wins face-off versus Maxim Lapierre in Canucks zone.
5:56 of 2nd period - Slapshot by Eric Staal.
5:56 of 2nd period - Shot Misses the Net.
5:58 of 2nd period - Slapshot by Eric Staal.
5:58 of 2nd period - Shot Blocked by Matt Stajan.
6:00 of 2nd period - Wrist shot by Alexander Semin.
6:00 of 2nd period - Shot Misses the Net.
6:02 of 2nd period - Snap shot by Alexander Semin.
6:02 of 2nd period - Shot Misses the Net.
6:04 of 2nd period - Slapshot by Tomas Kaberle.
6:04 of 2nd period - Stopped by Brent Krahn with a rebound.
6:06 of 2nd period - Slapshot by Erik Johnson.
6:06 of 2nd period - Stopped by Brent Krahn with a rebound.
6:08 of 2nd period - Slapshot by Erik Johnson.
6:08 of 2nd period - Shot Misses the Net.
6:10 of 2nd period - Wrist shot by David Backes.
6:10 of 2nd period - Shot Misses the Net.
6:12 of 2nd period - Snap shot by David Backes.
6:12 of 2nd period - Stopped by Brent Krahn without a rebound.
6:13 of 2nd period - Maxim Lapierre wins face-off versus Eric Staal in Canucks zone.
6:13 of 2nd period - Maxim Lapierre is hit by Eric Staal.
6:39 of 2nd period - Icing by Tomas Kaberle.
6:40 of 2nd period - Marek Zagrapan wins face-off versus Patrik Berglund in Flames zone.
7:12 of 2nd period - Snap shot by Alex Goligoski.
7:12 of 2nd period - Stopped by Pekka Rinne with a rebound.
7:14 of 2nd period - Slapshot by Alex Goligoski.
7:14 of 2nd period - Stopped by Pekka Rinne with a rebound.
7:16 of 2nd period - Slapshot by Alex Tanguay.
7:16 of 2nd period - Shot Misses the Net.
7:18 of 2nd period - Slapshot by Alex Tanguay.
7:18 of 2nd period - Goal by Alex Tanguay - Flames : 0 - Canucks : 2.
7:19 of 2nd period - Eric Staal wins face-off versus Maxim Lapierre in neutral zone.
7:34 of 2nd period - Wrist shot by Alexander Semin.
7:34 of 2nd period - Shot Misses the Net.
7:36 of 2nd period - Snap shot by David Backes.
7:36 of 2nd period - Shot Misses the Net.
7:55 of 2nd period - Penalty to Maxim Afinogenov is over, Maxim Afinogenov is back on ice.
8:13 of 2nd period - Slapshot by Ben Lovejoy.
8:13 of 2nd period - Stopped by Pekka Rinne with a rebound.
8:33 of 2nd period - Erik Johnson is hit by Ryan Parent and loses puck.
8:56 of 2nd period - Tom Poti is hit by Erik Johnson and loses puck.
9:29 of 2nd period - Marek Zagrapan is hit by Ron Hainsey and loses puck.
9:44 of 2nd period - Snap shot by Mike Ribeiro.
9:44 of 2nd period - Stopped by Pekka Rinne with a rebound.
9:46 of 2nd period - Snap shot by Mike Ribeiro.
9:46 of 2nd period - Stopped by Pekka Rinne with a rebound.
9:48 of 2nd period - Wrist shot by Martin St. Louis.
9:48 of 2nd period - Shot Misses the Net.
10:23 of 2nd period - Milan Michalek is hit by Tomas Kaberle and loses puck.
10:52 of 2nd period - Icing by Alex Goligoski.
10:53 of 2nd period - Mike Ribeiro wins face-off versus Patrik Berglund in Canucks zone.
10:53 of 2nd period - Mike Ribeiro is hit by Jordin Tootoo.
11:19 of 2nd period - Maxim Afinogenov is hit by Robyn Regehr and loses puck.
12:10 of 2nd period - Clarke MacArthur is hit by Jordin Tootoo and loses puck.
12:36 of 2nd period - Icing by Alex Goligoski.
12:37 of 2nd period - Maxim Lapierre wins face-off versus Eric Staal in Canucks zone.
12:44 of 2nd period - Ben Lovejoy is hit by Eric Staal and loses puck.
12:53 of 2nd period - Slapshot by Alex Goligoski.
12:53 of 2nd period - Deflect By Maxim Lapierre.
12:53 of 2nd period - Stopped by Pekka Rinne without a rebound.
12:54 of 2nd period - Patrik Berglund wins face-off versus Matt Stajan in Flames zone.
12:54 of 2nd period - Patrik Berglund is hit by Ryan Parent.
14:19 of 2nd period - Colin Wilson is hit by Milan Michalek and loses puck.
14:34 of 2nd period - Slapshot by Alex Goligoski.
14:34 of 2nd period - Shot Blocked by Tomas Kaberle.
14:44 of 2nd period - Snap shot by Brad Marchand.
14:44 of 2nd period - Stopped by Brent Krahn without a rebound.
14:45 of 2nd period - Eric Staal wins face-off versus Mike Ribeiro in Canucks zone.
14:54 of 2nd period - Wrist shot by Eric Staal.
14:54 of 2nd period - Goal by Eric Staal - Flames : 1 - Canucks : 2.
14:55 of 2nd period - Matt Stajan wins face-off versus Eric Staal in neutral zone.
15:16 of 2nd period - Minor Penalty to Steve Eminger for High sticking.
15:17 of 2nd period - Marcel Goc wins face-off versus Matt Stajan in Flames zone.
15:17 of 2nd period - Marcel Goc is hit by Maxim Afinogenov.
17:16 of 2nd period - Penalty to Steve Eminger is over, Steve Eminger is back on ice.
18:01 of 2nd period - Wrist shot by Alexander Semin.
18:01 of 2nd period - Stopped by Brent Krahn with a rebound.
18:17 of 2nd period - Mike Ribeiro is hit by Marcel Goc.
18:29 of 2nd period - Snap shot by Marek Zagrapan.
18:29 of 2nd period - Shot Blocked by Erik Johnson.
19:13 of 2nd period - Brad Marchand is hit by Matt Stajan and loses puck.
Goals for this period are 1 for Flames vs 1 for Canucks.
Shots for this period are 10 for Flames vs 7 for Canucks.

3rd period


0:01 of 3rd period - Matt Stajan wins face-off versus Eric Staal in neutral zone.
0:04 of 3rd period - David Backes is hit by Ben Lovejoy and loses puck.
0:13 of 3rd period - Wrist shot by Alex Goligoski.
0:13 of 3rd period - Deflect By David Backes.
0:13 of 3rd period - Stopped by Pekka Rinne without a rebound.
0:14 of 3rd period - Patrik Berglund wins face-off versus Matt Stajan in Flames zone.
0:39 of 3rd period - Eric Staal is hit by Ben Lovejoy and loses puck.
1:10 of 3rd period - Snap shot by Alex Tanguay.
1:10 of 3rd period - Stopped by Pekka Rinne without a rebound.
1:11 of 3rd period - Matt Stajan wins face-off versus Patrik Berglund in Flames zone.
2:02 of 3rd period - Jiri Hudler is hit by Michel Ouellet and loses puck.
2:11 of 3rd period - Backhand shot by Steve Regier.
2:11 of 3rd period - Stopped by Brent Krahn without a rebound.
2:12 of 3rd period - Milan Michalek wins face-off versus Patrik Berglund in Canucks zone.
2:37 of 3rd period - David Backes is hit by Martin St. Louis.
2:43 of 3rd period - Snap shot by Martin St. Louis.
2:43 of 3rd period - Stopped by Pekka Rinne without a rebound.
2:44 of 3rd period - Mike Ribeiro wins face-off versus Eric Staal in Flames zone.
2:45 of 3rd period - Wrist shot by Martin St. Louis.
2:45 of 3rd period - Shot Misses the Net.
2:55 of 3rd period - Wrist shot by Eric Staal.
2:55 of 3rd period - Goal by Eric Staal - Flames : 2 - Canucks : 2.
2:56 of 3rd period - Eric Staal wins face-off versus Matt Stajan in neutral zone.
3:07 of 3rd period - Wrist shot by Erik Johnson.
3:07 of 3rd period - Stopped by Brent Krahn with a rebound.
3:09 of 3rd period - Slapshot by Erik Johnson.
3:09 of 3rd period - Stopped by Brent Krahn with a rebound.
3:11 of 3rd period - Snap shot by Steve Eminger.
3:11 of 3rd period - Shot Blocked by Alex Goligoski.
3:23 of 3rd period - Jordin Tootoo is hit by Ben Lovejoy and loses puck.
3:42 of 3rd period - Snap shot by Ben Lovejoy.
3:42 of 3rd period - Stopped by Pekka Rinne without a rebound.
3:43 of 3rd period - Marcel Goc wins face-off versus Maxim Lapierre in Flames zone.
3:43 of 3rd period - Marcel Goc is hit by Ryan Parent.
4:33 of 3rd period - Snap shot by Erik Johnson.
4:33 of 3rd period - Deflect By Noah Welch.
4:33 of 3rd period - Shot Blocked by Martin St. Louis.
4:33 of 3rd period - Puck is out of play.
4:34 of 3rd period - Colin Wilson wins face-off versus Matt Stajan in Canucks zone.
4:35 of 3rd period - Slapshot by Erik Johnson.
4:35 of 3rd period - Stopped by Brent Krahn without a rebound.
4:36 of 3rd period - Matt Stajan wins face-off versus Noah Welch in Canucks zone.
4:45 of 3rd period - Snap shot by Milan Michalek.
4:45 of 3rd period - Stopped by Pekka Rinne with a rebound.
5:05 of 3rd period - Off-side.
5:06 of 3rd period - Clarke MacArthur wins face-off versus Eric Staal in neutral zone.
5:09 of 3rd period - Slapshot by Tom Poti.
5:09 of 3rd period - Shot Blocked by Robyn Regehr.
5:11 of 3rd period - Snap shot by Mike Ribeiro.
5:11 of 3rd period - Stopped by Pekka Rinne with a rebound.
5:13 of 3rd period - Wrist shot by Clarke MacArthur.
5:13 of 3rd period - Stopped by Pekka Rinne with a rebound.
5:15 of 3rd period - Wrist shot by Mike Ribeiro.
5:15 of 3rd period - Stopped by Pekka Rinne with a rebound.
5:56 of 3rd period - Ben Lovejoy is hit by Marcel Goc and loses puck.
6:46 of 3rd period - Snap shot by Alexander Semin.
6:46 of 3rd period - Deflect By Eric Staal.
6:46 of 3rd period - Shot Misses the Net.
6:46 of 3rd period - Puck is out of play.
6:47 of 3rd period - Eric Staal wins face-off versus Matt Stajan in Canucks zone.
6:58 of 3rd period - Snap shot by David Backes.
6:58 of 3rd period - Stopped by Brent Krahn without a rebound.
6:59 of 3rd period - Eric Staal wins face-off versus Maxim Afinogenov in Canucks zone.
7:00 of 3rd period - Snap shot by David Backes.
7:00 of 3rd period - Shot Misses the Net.
7:40 of 3rd period - Clarke MacArthur is hit by Patrik Berglund.
7:41 of 3rd period - Icing by Clarke MacArthur.
7:42 of 3rd period - Eric Staal wins face-off versus Mike Ribeiro in Canucks zone.
8:21 of 3rd period - Snap shot by Maxim Afinogenov.
8:21 of 3rd period - Stopped by Pekka Rinne without a rebound.
8:22 of 3rd period - Marcel Goc wins face-off versus Matt Stajan in Flames zone.
9:02 of 3rd period - Snap shot by Maxim Lapierre.
9:02 of 3rd period - Shot Misses the Net.
9:20 of 3rd period - Wrist shot by David Backes.
9:20 of 3rd period - Goal by David Backes - Flames : 3 - Canucks : 2.
9:21 of 3rd period - Eric Staal wins face-off versus Matt Stajan in neutral zone.
10:02 of 3rd period - Alex Goligoski is hit by Patrik Berglund.
10:09 of 3rd period - Icing by Martin St. Louis.
10:10 of 3rd period - Martin St. Louis wins face-off versus Marcel Goc in Canucks zone.
11:30 of 3rd period - Minor Penalty to Matt Stajan for Holding.
11:31 of 3rd period - Maxim Afinogenov wins face-off versus Eric Staal in Canucks zone.
11:31 of 3rd period - Maxim Afinogenov is hit by Erik Johnson.
13:30 of 3rd period - Penalty to Matt Stajan is over, Matt Stajan is back on ice.
13:32 of 3rd period - Icing by Noah Welch.
13:33 of 3rd period - Marcel Goc wins face-off versus Mike Ribeiro in Flames zone.
13:50 of 3rd period - Mike Ribeiro is hit by Mark Bell and loses puck.
14:03 of 3rd period - Snap shot by Martin St. Louis.
14:03 of 3rd period - Stopped by Pekka Rinne with a rebound.
14:05 of 3rd period - Wrist shot by Matt Stajan.
14:05 of 3rd period - Shot Blocked by Ron Hainsey.
14:07 of 3rd period - Snap shot by Maxim Afinogenov.
14:07 of 3rd period - Stopped by Pekka Rinne with a rebound.
14:09 of 3rd period - Wrist shot by Milan Michalek.
14:09 of 3rd period - Stopped by Pekka Rinne without a rebound.
14:10 of 3rd period - Maxim Lapierre wins face-off versus Eric Staal in Flames zone.
14:27 of 3rd period - Snap shot by Eric Staal.
14:27 of 3rd period - Deflect By Alexander Semin.
14:27 of 3rd period - Shot Misses the Net.
14:27 of 3rd period - Puck is out of play.
14:28 of 3rd period - Matt Stajan wins face-off versus Patrik Berglund in Canucks zone.
14:35 of 3rd period - Mark Bell is hit by Maxim Afinogenov and loses puck.
15:00 of 3rd period - Snap shot by Alex Goligoski.
15:00 of 3rd period - Stopped by Pekka Rinne without a rebound.
15:01 of 3rd period - Clarke MacArthur wins face-off versus Marcel Goc in Flames zone.
15:12 of 3rd period - Snap shot by Martin St. Louis.
15:12 of 3rd period - Stopped by Pekka Rinne without a rebound.
15:13 of 3rd period - Marcel Goc wins face-off versus Maxim Lapierre in Flames zone.
15:13 of 3rd period - Marcel Goc is hit by Ben Lovejoy.
16:04 of 3rd period - Slapshot by Ben Lovejoy.
16:04 of 3rd period - Deflect By Clarke MacArthur.
16:04 of 3rd period - Shot Blocked by Mark Bell.
16:04 of 3rd period - Puck is out of play.
16:05 of 3rd period - Mike Ribeiro wins face-off versus Patrik Berglund in Flames zone.
16:33 of 3rd period - Double Minor Penalty to Steve Regier for Roughing.
16:34 of 3rd period - Marcel Goc wins face-off versus Milan Michalek in Flames zone.
16:34 of 3rd period - Marcel Goc is hit by Matt Stajan.
16:43 of 3rd period - Snap shot by Matt Stajan.
16:43 of 3rd period - Stopped by Pekka Rinne with a rebound.
17:09 of 3rd period - Snap shot by Martin St. Louis.
17:09 of 3rd period - Shot Misses the Net.
18:47 of 3rd period - Canucks, Brent Krahn is pulled from the net.
18:53 of 3rd period - Snap shot by Jiri Hudler.
18:53 of 3rd period - Goal by Jiri Hudler - Flames : 3 - Canucks : 3.
18:53 of 3rd period - Brent Krahn from Canucks was sent back in the game.
18:54 of 3rd period - Marcel Goc wins face-off versus Jiri Hudler in neutral zone.
19:21 of 3rd period - Ben Lovejoy is hit by Eric Staal and loses puck.
19:26 of 3rd period - Snap shot by Alexander Semin.
19:26 of 3rd period - Deflect By David Backes.
19:26 of 3rd period - Stopped by Brent Krahn with a rebound.
Goals for this period are 2 for Flames vs 1 for Canucks.
Shots for this period are 8 for Flames vs 16 for Canucks.

Overtime #1


0:01 of 1st overtime period - Eric Staal wins face-off versus Maxim Afinogenov in neutral zone.
0:33 of 1st overtime period - Steve Eminger is hit by Maxim Afinogenov and loses puck.
2:04 of 1st overtime period - Snap shot by Martin St. Louis.
2:04 of 1st overtime period - Shot Misses the Net.
2:08 of 1st overtime period - Slapshot by Martin St. Louis.
2:08 of 1st overtime period - Shot Misses the Net.
2:10 of 1st overtime period - Slapshot by Tom Poti.
2:10 of 1st overtime period - Stopped by Pekka Rinne without a rebound.
2:11 of 1st overtime period - Eric Staal wins face-off versus Maxim Afinogenov in Flames zone.
2:55 of 1st overtime period - Jordin Tootoo is hit by Ryan Parent.
2:59 of 1st overtime period - Alex Tanguay is hit by Jordin Tootoo and loses puck.
3:16 of 1st overtime period - Off-side.
3:17 of 1st overtime period - Maxim Afinogenov wins face-off versus Eric Staal in neutral zone.
3:26 of 1st overtime period - Snap shot by Maxim Afinogenov.
3:26 of 1st overtime period - Shot Misses the Net.
3:32 of 1st overtime period - Matt Stajan is hit by Alexander Semin and loses puck.
4:58 of 1st overtime period - Icing by Alex Goligoski.
4:59 of 1st overtime period - Maxim Lapierre wins face-off versus Steve Regier in Canucks zone.
Goals for this period are 0 for Flames vs 0 for Canucks.
Shots for this period are 0 for Flames vs 1 for Canucks.

ShootOut


5:00 of 1st overtime period - Penalty Shot by Eric Staal for Flames.
5:00 of 1st overtime period - Snap shot by Eric Staal.
5:00 of 1st overtime period - Stopped by Brent Krahn.
5:00 of 1st overtime period - Penalty Shot by Maxim Afinogenov for Canucks.
5:00 of 1st overtime period - Deke by Maxim Afinogenov.
5:00 of 1st overtime period - Stopped by Pekka Rinne.
5:00 of 1st overtime period - Penalty Shot by Alexander Semin for Flames.
5:00 of 1st overtime period - Backhand shot by Alexander Semin.
5:00 of 1st overtime period - Shot Misses the Net.
5:00 of 1st overtime period - Penalty Shot by Matt Stajan for Canucks.
5:00 of 1st overtime period - Backhand shot by Matt Stajan.
5:00 of 1st overtime period - Stopped by Pekka Rinne.
5:00 of 1st overtime period - Penalty Shot by Patrik Berglund for Flames.
5:00 of 1st overtime period - Backhand shot by Patrik Berglund.
5:00 of 1st overtime period - Stopped by Brent Krahn.
5:00 of 1st overtime period - Penalty Shot by Martin St. Louis for Canucks.
5:00 of 1st overtime period - Deke by Martin St. Louis.
5:00 of 1st overtime period - Stopped by Pekka Rinne.
5:00 of 1st overtime period - Penalty Shot by David Backes for Flames.
5:00 of 1st overtime period - Snap shot by David Backes.
5:00 of 1st overtime period - Stopped by Brent Krahn.
5:00 of 1st overtime period - Penalty Shot by Mike Ribeiro for Canucks.
5:00 of 1st overtime period - Deke by Mike Ribeiro.
5:00 of 1st overtime period - Stopped by Pekka Rinne.
5:00 of 1st overtime period - Penalty Shot by Colin Wilson for Flames.
5:00 of 1st overtime period - Snap shot by Colin Wilson.
5:00 of 1st overtime period - Stopped by Brent Krahn.
5:00 of 1st overtime period - Penalty Shot by Milan Michalek for Canucks.
5:00 of 1st overtime period - Deke by Milan Michalek.
5:00 of 1st overtime period - Stopped by Pekka Rinne.
5:00 of 1st overtime period - Penalty Shot by Steve Regier for Flames.
5:00 of 1st overtime period - Backhand shot by Steve Regier.
5:00 of 1st overtime period - Stopped by Brent Krahn.
5:00 of 1st overtime period - Penalty Shot by Clarke MacArthur for Canucks.
5:00 of 1st overtime period - Wrist shot by Clarke MacArthur.
5:00 of 1st overtime period - Goal by Clarke MacArthur.